 Dungeon Crawl Stone Soup version 0.21-a0-229-g3587535 (webtiles) character file.

1566 Musica the Spear-Bearer (level 8, -7/94 HPs)
             Began as a Merfolk Gladiator on Sept 1, 2017.
             Mangled by a six-headed hydra (13 damage)
             ... on level 7 of the Dungeon.
             The game lasted 00:14:48 (5238 turns).

Musica the Spear-Bearer (Merfolk Gladiator)         Turns: 5238, Time: 00:14:49

Health: -7/94      AC:  8    Str: 19    XL:     8   Next: 90%
Magic:  11/11      EV: 17    Int:  7    God:
Gold:   204        SH:  0    Dex: 18    Spells: 8/11 levels left

rFire    . . .     SeeInvis .   g - +0 halberd
rCold    . . .     Gourm    .   (shield currently unavailable)
rNeg     . . .     Faith    .   o - +2 robe {MR+}
rPois    .         Spirit   .   (no helmet)
rElec    .         Reflect  .   G - +1 cloak
rCorr    .         Harm     .   (no gloves)
MR       +....                  (no boots)
Stlth    ..........             (no amulet)
HPRegen  0.25/turn              E - +2 ring of protection
MPRegen  0.12/turn              (no ring)

@: mighty, berserking, very quick
A: change form in water, swift swim, stealthy swim
a: no special abilities


You were on level 7 of the Dungeon.
You were not hungry.

You visited 1 branch of the dungeon, and saw 7 of its levels.

You collected 204 gold pieces.

Inventory:

Hand Weapons
 a - a +1 trident
 g - a +0 halberd (weapon)
 q - a +0 hunting sling
Missiles
 d - 2 throwing nets (quivered)
 e - 87 poisoned needles
 m - 58 sling bullets
 t - 88 arrows
 A - 19 bolts
Armour
 c - a +0 helmet
 h - a +0 buckler
 o - a +2 robe of magic resistance (worn)
 G - a +1 cloak (worn)
Jewellery
 x - an uncursed ring of magical power
 z - an uncursed ring of protection from magic
 B - an uncursed ring of fire
 E - a +2 ring of protection (left hand)
 I - an uncursed ring of magical power
Wands
 D - a wand of random effects (12/48)
 J - a wand of acid (9/15)
 K - a wand of flame (30/48)
 L - a wand of scattershot (3/9)
 M - a wand of polymorph (18/24)
Scrolls
 i - a scroll of recharging
 r - 5 scrolls of remove curse
 u - 4 scrolls of identify
 v - 2 scrolls of enchant weapon
 w - a scroll of teleportation
 y - a scroll of fear
Potions
 l - a potion of lignification
 F - 5 potions of curing {unknown}
 H - a potion of heal wounds {unknown}
Books
 b - a book of Changes

   Spells                             Type                      Level
   a - Beastly Appendage              Transmutation                1
   b - Sticks to Snakes               Transmutation                2
   c - Spider Form                    Transmutation/Poison         3
   d - Ice Form                       Ice/Transmutation            4
   e - Blade Hands                    Transmutation                5
Comestibles
 f - 10 bread rations
 p - 17 fruits


   Skills:
 + Level 5.5 Fighting
 + Level 12.5 Polearms
 - Level 2.0 Throwing
 - Level 6.5 Dodging
 * Level 2.0 Spellcasting


You had 8 spell levels left.
You knew the following spells:

 Your Spells              Type           Power        Failure   Level  Hunger
a - Beastly Appendage     Tmut           #.....       36%         1    ##.....
b - Sticks to Snakes      Tmut           #.......     50%         2    ###....


Dungeon Overview and Level Annotations

Branches:
Dungeon (7/15)
 Temple: D:4-7

Altars:
Ashenzari
Dithmenos
Elyvilon
Fedhas
Kikubaaqudgha
Ru
Wu Jian
The Shining One


Message History

The four-headed hydra bites you.
* * * LOW HITPOINT WARNING * * *
A red film seems to cover your vision as you go berserk!
You feel yourself moving faster!
You feel mighty!
You feel a little less agile now.
The four-headed hydra bites you but does no damage.
The four-headed hydra barely misses you.
The four-headed hydra bites you but does no damage.
The four-headed hydra bites you!
* * * LOW HITPOINT WARNING * * *
You chop one of the four-headed hydra's heads off!
The three-headed hydra grows two more!
You puncture the five-headed hydra!
The five-headed hydra is moderately wounded.
You hack one of the five-headed hydra's heads off!
The four-headed hydra grows two more!
You slice the six-headed hydra!!
The six-headed hydra is heavily wounded.
The six-headed hydra bites you.
* * * LOW HITPOINT WARNING * * *
The six-headed hydra bites you!
You die...

###.# #.#.#######..###
#.#.#..........#
#.#.#..........#
#)#.#..........#
########.).#.)........#
......................#
..<.######............#
###.# #......@.....#
#.# #.....D......# #..
#........%...# ####
#..########### #..#
#... ..## ##.#


You could see a six-headed hydra.

Vanquished Creatures
  Joseph (D:7)
  Edmund (D:6)
  A sky beast (D:6)
  2 black bears (D:6)
  An ogre (D:5)
  A bullfrog (D:7)
  A water moccasin skeleton (D:4)
  A scorpion (D:4)
  A crimson imp (D:5)
  A centaur zombie (D:6)
  A hound (D:5)
  A gnoll shaman (D:6)
  3 orc wizards
  A bullfrog skeleton (D:5)
  A centaur skeleton (D:6)
  3 worker ants
  An iguana (D:4)
  4 gnolls
  6 adders
  A shadow imp (D:5)
  2 adder zombies (D:5)
  2 worms
  4 dart slugs
  5 leopard geckos
  22 orcs
  3 giant cockroaches
  6 goblins
  6 hobgoblins
  2 jackals (D:4)
  10 kobolds
  4 quokkas
  A ball python (D:1)
  5 bats
  7 frilled lizards
  A leopard gecko skeleton (D:6)
  A quokka skeleton (D:5)
  8 rats
122 creatures vanquished.

Vanquished Creatures (others)
  An orc wizard (D:7)
1 creature vanquished.

Grand Total: 123 creatures vanquished

Notes
Turn   | Place    | Note
-------+----------+-------------------------------------------
     0 | D:1      | Musica the Merfolk Gladiator began the quest for the Orb.
     0 | D:1      | Reached XP level 1. HP: 16/16 MP: 1/1
    25 | D:1      | Reached XP level 2. HP: 15/22 MP: 2/2
   214 | D:1      | Reached skill level 5 in Polearms
   407 | D:1      | Reached XP level 3. HP: 27/28 MP: 3/3
  1117 | D:2      | Reached XP level 4. HP: 27/34 MP: 4/4
  1436 | D:2      | Reached skill level 6 in Polearms
  1459 | D:2      | Found a glowing golden altar of the Shining One.
  1537 | D:2      | Reached skill level 5 in Dodging
  2048 | D:3      | Found a shadowy altar of Dithmenos.
  2427 | D:3      | Reached XP level 5. HP: 38/41 MP: 5/5
  2458 | D:3      | Reached skill level 7 in Polearms
  2616 | D:4      | Reached XP level 6. HP: 36/47 MP: 6/6
  2674 | D:4      | Reached skill level 8 in Polearms
  2679 | D:5      | Entered Level 5 of the Dungeon
  2989 | D:4      | Found a shattered altar of Ashenzari.
  3085 | D:4      | Reached skill level 9 in Polearms
  3207 | D:4      | Found a white marble altar of Elyvilon.
  3211 | D:4      | Reached XP level 7. HP: 54/54 MP: 7/7
  3395 | D:5      | Found a sacrificial altar of Ru.
  3525 | D:5      | Found an ornate altar of the Wu Jian Council.
  3535 | D:6      | Noticed Edmund
  3635 | D:5      | Found an ancient bone altar of Kikubaaqudgha.
  4256 | D:5      | Found a blossoming altar of Fedhas.
  4269 | D:5      | Reached skill level 10 in Polearms
  4430 | D:6      | Reached XP level 8. HP: 44/61 MP: 8/8
  4443 | D:6      | Reached skill level 11 in Polearms
  4776 | D:6      | Learned a level 1 spell: Beastly Appendage
  4779 | D:6      | Learned a level 2 spell: Sticks to Snakes
  4842 | D:6      | Killed Edmund
  4842 | D:6      | Reached skill level 5 in Fighting
  4958 | D:6      | Reached skill level 1 in Spellcasting
  5161 | D:7      | Noticed Joseph
  5192 | D:7      | Killed Joseph
  5192 | D:7      | Reached skill level 12 in Polearms
  5231 | D:7      | Noticed a four-headed hydra
  5238 | D:7      | Mangled by a six-headed hydra

Vault maps used:
D:1:      dpeg_arrival_three_smaller_balls
D:2:      nicolae_tso_swordbearing_angel
D:3:      nicolae_overflow_hidden_temple, first_bread
D:4:      lemuel_crystal_altar, overflow_temple_1_default
D:5:      lemuel_coloured_pillars_altar, lemuel_crystal_altar,
          lemuel_round_altar, kiku_gazebo_garden_becter,
          minmay_misc_feat_diagonals
D:6:      uniq_edmund
D:7:      amethyst_overflow_temple_binary, minmay_temple_entry_junction_2,
          grunt_ogre_cave, uniq_menkaure, uniq_pikel, uniq_joseph

Skill      XL: |  1  2  3  4  5  6  7  8 |
---------------+-------------------------+-----
Polearms       | 5 6 7 9 10 12 | 12.5
Fighting       | 3 4 5 |  5.5
Dodging        | 5 6 |  6.5
Spellcasting   | 2 |  2.0
Throwing       | |  2.0

Action                   |  1- 3 |  4- 6 |  7- 9 || total
-------------------------+-------+-------+-------++-------
Melee: Trident           |   111 |   214 |   125 ||   450
       Halberd           |       |       |    42 ||    42
 Fire: Hunting sling     |       |    12 |     3 ||    15
Throw: Throwing net      |       |     2 |       ||     2
 Cast: Beastly Appendage |       |       |     1 ||     1
  Use: Scroll            |     5 |     6 |       ||    11
       Potion            |       |       |     7 ||     7
 Stab: Sleeping          |     3 |     3 |       ||     6
       Held in net/web   |       |     2 |       ||     2
       Invisible         |       |       |     4 ||     4
  Eat: Chunk             |     1 |     7 |     2 ||    10
       Meat ration       |       |       |     1 ||     1
Armor: Leather armour    |    18 |    28 |    37 ||    83
       Robe              |       |       |     8 ||     8
Dodge: Dodged            |    53 |    95 |    79 ||   227
Block: Buckler           |     5 |    17 |    13 ||    35

Table legend:
 A = Spawn XP
 B = Non-spawn XP
 C = Spawn XP percentage of total XP
 D = Spawn monster count
 E = Non-spawn monster count
 F = Spawn count percentage of total count
 G = Total turns spent on level
                    A         B        C        D         E        F      G
               +---------+---------+-------+---------+---------+-------+---------
         Total |     157 |    2081 |   7.0 |      13 |     109 |  10.7 |  5238
               +---------+---------+-------+---------+---------+-------+---------
           D:1 |      12 |      52 |  18.8 |       7 |      23 |  23.3 |  1028
           D:2 |       5 |      63 |   7.4 |       1 |      16 |   5.9 |   804
           D:3 |       0 |      91 |   0.0 |       0 |      19 |   0.0 |   661
           D:4 |       2 |     347 |   0.6 |       1 |      25 |   3.8 |   726
           D:5 |     137 |     206 |  39.9 |       3 |      11 |  21.4 |  1106
           D:6 |       1 |     760 |   0.1 |       1 |      11 |   8.3 |   820
           D:7 |       0 |     562 |   0.0 |       0 |       4 |   0.0 |    93
               +---------+---------+-------+---------+---------+-------+---------
